 Dungeon Crawl Stone Soup version 0.23.2-40-g277498a001 (webtiles) character file.

Game seed: 17047531098609719304

3286 Descartes the Skirmisher (level 10, -7/81 HPs)
             Began as a Formicid Abyssal Knight on Sept 28, 2019.
             Was an Elder of Lugonu.
             Mangled by Harold
             ... wielding a +4 vampiric halberd
              (10 damage)
             ... on level 7 of the Dungeon.
             The game lasted 00:20:29 (9129 turns).

Descartes the Skirmisher (Formicid Abyssal Knight)  Turns: 9129, Time: 00:20:30

Health: -7/81      AC: 15    Str: 19    XL:     10   Next: 20%
Magic:  15/15      EV:  7    Int: 13    God:    Lugonu [****..]
Gold:   229        SH:  3    Dex: 10    Spells: 9/9 levels left

rFire    . . .     SeeInvis +   z - +3 halberd
rCold    . . .     Gourm    +   G - +0 buckler
rNeg     . . .     Faith    .   F - +0 plate armour
rPois    .         Spirit   .   (helmet unavailable)
rElec    .         Reflect  .   (no cloak)
rCorr    .         Harm     .   (no gloves)
MR       ++...                  C - +0 pair of boots
Stlth    ..........             D - amulet of the gourmand
HPRegen  0.23/turn              h - ring of wizardry
MPRegen  0.14/turn              n - ring of protection from magic

@: marked, flying, invisible
A: permanent stasis, dig shafts and tunnels, four strong arms, antennae 3,
rugged brown scales 1, MP-powered wands
a: Dig, Shaft Self, Depart the Abyss, Bend Space, Banish, Corrupt, Renounce
Religion


You were on level 7 of the Dungeon.
You worshipped Lugonu.
Lugonu was greatly pleased with you.
You were not hungry.

You visited 2 branches of the dungeon, and saw 8 of its levels.
You visited the Abyss 1 time.

You collected 411 gold pieces.
You spent 182 gold pieces at shops.

Inventory:

Hand Weapons
 a - a +1 spear
 f - a +2 spear of venom
 z - a +3 halberd (weapon)
Missiles
 i - 137 arrows
 m - 138 stones (quivered)
 B - 9 tomahawks
Armour
 y - a +1 leather armour of fire resistance
 C - a +0 pair of boots (worn)
 F - a +0 plate armour (worn)
 G - a +0 buckler (worn)
Jewellery
 h - a ring of wizardry (left hand)
 n - a ring of protection from magic (right hand)
 D - an amulet of the gourmand (around neck)
Wands
 j - a wand of enslavement (9)
 q - a wand of clouds (4)
Scrolls
 d - 2 scrolls of remove curse
 k - 3 scrolls of enchant weapon
 l - 2 scrolls of magic mapping
 p - 3 scrolls of fog
 s - 4 scrolls of identify
 w - a scroll of brand weapon {unknown}
 x - 2 scrolls of amnesia
 A - 2 scrolls of enchant armour
 E - a scroll of vulnerability {unknown}
Potions
 g - a potion of agility
 r - a potion of ambrosia
 t - 3 potions of brilliance
Comestibles
 c - 21 rations


   Skills:
 + Level 7.1 Fighting
 + Level 5.9 Polearms
 + Level 6.5 Armour
 + Level 5.0 Dodging
 * Level 1.7 Shields
 + Level 7.1 Invocations
 + Level 5.3 Evocations


You had 9 spell levels left.
You didn't know any spells.
Your spell library contained the following spells:

 Spells                   Type           Power        Failure   Level  Hunger
 Sandblast                Erth           #.....       97%         1    ##.....
 Passwall                 Tmut/Erth      #.......     99%         2    ###....
 Stone Arrow              Conj/Erth      #.....       100%        3    ####...
 Petrify                  Tmut/Erth      #.......     100%        4    #####..
 Lee's Rapid Deconstruct  Erth           #.........   100%        5    ######.


Dungeon Overview and Level Annotations

Branches:
Dungeon (7/15)             Temple (1/1) D:4

Altars:
Ashenzari
Cheibriados
Dithmenos
Elyvilon
Fedhas
Gozag
Hepliaklqana
Kikubaaqudgha
Makhleb
Nemelex Xobeh
Okawaru
Qazlal
Sif Muna
Trog
Uskayaw
Vehumet
Wu Jian
Xom
Yredelemnul
Zin
The Shining One

Shops:
D:4 ?

Annotations:
D:7 Harold


Innate Abilities, Weirdness & Mutations

You cannot be hasted, slowed, berserked, paralysed or teleported.
You can dig through walls and to a lower floor.
Your four strong arms can wield two-handed weapons with a shield.
You have a pair of large antennae on your head. (SInv)
You are partially covered in rugged brown scales. (AC +1, +3% HP)
You expend magic power (3 MP) to strengthen your wands.


Message History

Harold is moderately wounded.
Harold hits you with a +4 vampiric halberd!!
* * * LOW HITPOINT WARNING * * *
Harold draws strength from your wounds!
You hit Harold.
Harold is moderately wounded.
Harold gestures at you while chanting. A sentinel's mark forms upon you.
You feel better.
Harold hits you with a +4 vampiric halberd.
* * * LOW HITPOINT WARNING * * *
Harold draws strength from your wounds!
It was a potion of flight.
You feel very buoyant.
You fly up into the air.
Harold hits you but does no damage.
It was a potion of magic.
Magic courses through your body. Harold hits you but does no damage.
You fade into invisibility!
Harold hits you with a +4 vampiric halberd!
You die...

..>.#..........#......#....#
.#.###########.......)#....#
...# ###......###### ..##
#.####### ..# ##.# ..# #.##
### ##o# #@## ##@# ###


You could see Harold.

Vanquished Creatures
  Pikel (D:6)
  Sigmund (D:6)
  Eustachio (D:5)
  A necrophage (D:5)
  4 slaves (D:6)
  An ice beast (D:6)
  2 black bears
  2 orc warriors (D:7)
  An ogre (D:3)
  3 centaurs
  Blork the orc (D:6)
  2 bullfrogs
  A scorpion (D:5)
  A wyvern skeleton (D:6)
  5 wights (D:6)
  3 howler monkeys
  A crimson imp (D:5)
  A jelly (D:6)
  A quasit (D:5)
  2 orc priests (D:7)
  5 hounds
  9 orc wizards
  3 bullfrog skeletons
  5 iguanas
  5 worker ants
  A hound zombie (D:5)
  2 howler monkey skeletons
  9 adders
  A shadow imp (D:6)
  3 worms
  A dart slug (D:1)
  2 leopard geckos
  16 orcs
  2 giant cockroaches
  3 goblins
  8 hobgoblins
  7 jackals
  3 quokkas
  A ball python (D:2)
  10 bats
  3 frilled lizards
  A jackal skeleton (D:4)
  6 kobolds
  A leopard gecko skeleton (D:5)
  A quokka skeleton (D:6)
  7 rats
150 creatures vanquished.

Notes
Turn   | Place    | Note
-------+----------+-------------------------------------------
     0 | Abyss:1  | Descartes the Formicid Abyssal Knight began the quest for
                  | the Orb.
     0 | Abyss:1  | Reached XP level 1. HP: 18/18 MP: 2/2
    26 | Abyss:1  | Found a corrupted altar of Lugonu.
    30 | Abyss:1  | Found a corrupted altar of Lugonu.
   189 | Abyss:1  | Found a corrupted altar of Lugonu.
   190 | Abyss:1  | Noticed a small abomination
   282 | Abyss:3  | Noticed a blink frog
   283 | Abyss:3  | Noticed a blink frog
   283 | Abyss:3  | Noticed a blink frog
   300 | Abyss:3  | Noticed a large abomination
   301 | D:1      | Escaped the Abyss
   709 | D:1      | Reached * piety under Lugonu
   709 | D:1      | Reached skill level 1 in Dodging
   709 | D:1      | Reached XP level 2. HP: 24/24 MP: 3/3
  1016 | D:1      | You fall through a shaft!
  1025 | D:2      | Reached XP level 3. HP: 25/30 MP: 4/4
  1099 | D:2      | Noticed a centaur
  1104 | D:2      | Killed a centaur
  1104 | D:2      | Reached XP level 4. HP: 23/37 MP: 4/6
  1104 | D:2      | Reached XP level 5. HP: 26/42 MP: 4/7
  2312 | D:3      | Noticed an ogre
  2323 | D:3      | Killed an ogre
  2323 | D:3      | Reached XP level 6. HP: 9/49 MP: 8/8
  2864 | D:3      | Reached ** piety under Lugonu
  3031 | D:4      | Reached skill level 1 in Evocations
  3096 | D:4      | Reached XP level 7. HP: 51/55 MP: 10/10
  3119 | D:4      | Found a staircase to the Ecumenical Temple.
  3130 | Temple   | Entered the Ecumenical Temple
  3881 | D:4      | Reached skill level 5 in Fighting
  4171 | D:4      | Found Avero's Magic Scroll Shop.
  4177 | D:4      | Bought a scroll of fog for 28 gold pieces
  4177 | D:4      | Bought a scroll of remove curse for 42 gold pieces
  4177 | D:4      | Bought a scroll of identify for 28 gold pieces
  4177 | D:4      | Bought a scroll of identify for 28 gold pieces
  4177 | D:4      | Bought a scroll of identify for 28 gold pieces
  4177 | D:4      | Bought a scroll of identify for 28 gold pieces
  4195 | D:4      | Gained mutation: You expend magic power (3 MP) to
                  | strengthen your wands. [potion of mutation]
  4195 | D:4      | Gained mutation: You are partially covered in rugged brown
                  | scales. (AC +1, +3% HP) [potion of mutation]
  4331 | D:5      | Entered Level 5 of the Dungeon
  4377 | D:5      | Found a snail-covered altar of Cheibriados.
  4636 | D:5      | Reached XP level 8. HP: 38/63 MP: 11/11
  5031 | D:5      | Reached skill level 5 in Invocations
  5210 | D:5      | Found a bloodstained altar of Trog.
  5211 | D:5      | Found a burning altar of Makhleb.
  5212 | D:5      | Found a snail-covered altar of Cheibriados.
  5221 | D:5      | Reached *** piety under Lugonu
  5517 | D:6      | Noticed Pikel
  5831 | D:6      | Killed Pikel
  5831 | D:6      | Reached skill level 5 in Armour
  5831 | D:6      | Reached XP level 9. HP: 71/71 MP: 13/13
  5890 | D:6      | Noticed Sigmund
  5894 | D:6      | Noticed Blork the orc
  5935 | D:5      | Reached skill level 5 in Polearms
  6697 | D:6      | Noticed Eustachio
  6841 | D:5      | Killed Eustachio
  6944 | D:5      | Found a snail-covered altar of Cheibriados.
  7025 | D:5      | Found a snail-covered altar of Cheibriados.
  7025 | D:5      | Found a burning altar of Makhleb.
  7025 | D:5      | Found a bloodstained altar of Trog.
  7555 | D:6      | Killed Blork the orc
  7669 | D:6      | Killed Sigmund
  8104 | D:6      | Reached XP level 10. HP: 75/75 MP: 15/15
  8189 | D:7      | Reached skill level 5 in Evocations
  8604 | D:7      | Reached **** piety under Lugonu
  8741 | D:7      | Reached skill level 5 in Dodging
  8741 | D:7      | Reached skill level 1 in Shields
  9080 | D:7      | Noticed Harold
  9124 | D:7      | HP: 2/77 [Harold/+4 vampiric halberd (19)]
  9129 | D:7      | Mangled by Harold

Skill      XL: |  1  2  3  4  5  6  7  8  9 10 |
---------------+-------------------------------+-----
Dodging        | 1 2 3 4 5 |  5.0
Fighting       | 4 5 6 7 |  7.1
Armour         | 3 4 5 6 |  6.5
Invocations    | 3 4 5 6 7 |  7.1
Polearms       | 3 4 5 |  5.9
Evocations     | 1 2 3 4 5 |  5.3
Shields        | 1 |  1.7

Action                   |  1- 3 |  4- 6 |  7- 9 | 10-12 || total
-------------------------+-------+-------+-------+-------++-------
Melee: Spear             |    40 |   139 |   405 |       ||   584
       Halberd           |       |       |    27 |   118 ||   145
Invok: Depart the Abyss  |     1 |       |       |       ||     1
 Abil: Dig               |     2 |       |     2 |     3 ||     7
  Use: Scroll            |       |       |    15 |       ||    15
       Potion            |       |       |     1 |     4 ||     5
  Eat: Chunk             |       |     7 |    12 |    10 ||    29
       Ration            |       |       |     1 |       ||     1
Armor: Scale mail        |     8 |    27 |       |       ||    35
       Chain mail        |       |    15 |   233 |    15 ||   263
       Skin              |       |       |    16 |       ||    16
       Plate armour      |       |       |       |    39 ||    39
Dodge: Dodged            |     9 |    40 |   181 |    39 ||   269
Block: Buckler           |       |       |       |    14 ||    14
